 Dungeon Crawl Stone Soup version 0.24.0-125-gc4c63601f3 (webtiles) character file.

Game seed: 6354610343827091735, levelgen mode: deterministic

1394 Amplified the Skirmisher (level 8, -1/73 HPs)
             Began as a Hill Orc Wizard on Feb 20, 2020.
             Was an Initiate of Nemelex Xobeh.
             Slain by a bullfrog (4 damage)
             ... on level 7 of the Dungeon.
             The game lasted 00:11:39 (7518 turns).

Amplified the Skirmisher (Hill Orc Wizard)          Turns: 7518, Time: 00:11:39

Health: -1/73      AC:  7    Str: 12    XL:     8   Next: 68%
Magic:  11/11      EV: 10    Int: 18    God:    Nemelex Xobeh [......]
Gold:   221        SH:  0    Dex:  9    Spells: 7/11 levels left

rFire    + + .     SeeInvis .   q - +1 battleaxe
rCold    . . .     Gourm    .   (shield currently unavailable)
rNeg     . . .     Faith    .   j - +0 ring mail
rPois    .         Spirit   .   b - +0 hat
rElec    .         Reflect  .   c - +0 cloak
rCorr    .         Harm     .   (no gloves)
MR       .....                  (no boots)
Stlth    +.........             d - amulet of the acrobat
HPRegen  0.22/turn              e - ring of protection from fire
MPRegen  0.12/turn              o - ring of protection from fire

@: no status effects
A: no striking features
a: Draw Escape, Draw Destruction, Draw Summoning, Renounce Religion


You were on level 7 of the Dungeon.
You worshipped Nemelex Xobeh.
Nemelex Xobeh was noncommittal.
You were not hungry.

You visited 2 branches of the dungeon, and saw 8 of its levels.

You collected 221 gold pieces.

Inventory:

Hand Weapons
 h - a +0 hand axe of chopping
 q - a +1 battleaxe (weapon)
Missiles
 f - 9 javelins (quivered)
Armour
 a - a +0 robe
 b - a +0 hat (worn)
 c - a +0 cloak (worn)
 j - a +0 ring mail (worn)
Jewellery
 d - an amulet of the acrobat (around neck)
 e - a ring of protection from fire (left hand)
 o - a ring of protection from fire (right hand)
Wands
 n - a wand of digging (4)
Scrolls
 g - 3 scrolls of remove curse
 m - a scroll of magic mapping
 p - a scroll of identify
Potions
 i - a potion of flight
Comestibles
 k - 6 chunks of flesh
 l - 5 rations


   Skills:
 * Level 7.2 Fighting
 * Level 6.4 Axes
 + Level 5.4 Armour
 - Level 1.5 Dodging
 - Level 1.5 Stealth
 - Level 2.4 Spellcasting
   Level 1.0 Conjurations
 - Level 1.0 Summonings
   Level 0.7 Translocations
 * Level 5.2 Invocations


You had 7 spell levels left.
You knew the following spells:

 Your Spells              Type           Power        Failure   Level  Hunger
a - Call Imp              Summ           #.......     34%         2    ##.....
b - Slow                  Hex            #.......     47%         2    ##.....

Your spell library contained the following spells:

 Spells                   Type           Power        Failure   Level  Hunger
 Magic Dart               Conj           #...         24%         1    #......
 Blink                    Tloc           N/A          38%         2    ##.....
 Conjure Flame            Conj/Fire      #.......     65%         3    ###....
 Mephitic Cloud           Conj/Pois/Air  #.......     67%         3    ###....


Dungeon Overview and Level Annotations

Branches:
Dungeon (7/15)             Temple (1/1) D:6

Altars:
Ashenzari
Cheibriados
Dithmenos
Elyvilon
Fedhas
Gozag
Hepliaklqana
Kikubaaqudgha
Makhleb
Nemelex Xobeh
Okawaru
Qazlal
Sif Muna
Trog
Wu Jian
Xom
Yredelemnul
Zin

Shops:
D:5 (

Annotations:
D:5 Eustachio, Ijyb


Message History

Okay, then.
Okay, then.
The orc wizard falls through a shaft!
The shaft crumbles and collapses.
The bullfrog closely misses you. The bullfrog hits you.
* * * LOW HITPOINT WARNING * * *
Okay, then.
Okay, then.
Evoke which item? (* to show all) (? for menu, Esc to quit)
Okay, then.
Okay, then.
Quiver which item? (- for none, * to show all) (? for menu, Esc to quit)
Okay, then.
The sky beast flickers out of sight!
Deactivating autopickup; reactivate with Ctrl-A.
The bullfrog closely misses you. The bullfrog closely misses you.
Something hits you but does no damage. The bullfrog hits you.
You die...
Your body disappears without a glow.

#..................###
#....................#
#..>...............#.#
###.###.......o......###
[....###................
.....# ##...##...###...
.....# ########..#
.....# ########F###
....... .......@...#
..<..### ##########....#
.....# ##### ######


You could see a bullfrog.

Vanquished Creatures
  Prince Ribbit (D:6)
  Sigmund (D:5)
  A sky beast (D:6)
  2 ogres
  2 bullfrogs
  A howler monkey (D:6)
  2 crimson imps (D:6)
  A hound (D:6)
  A jelly (D:6)
  An orc priest (D:2)
  An orc wizard (D:6)
  An iguana (D:5)
  Natasha (D:2)
  A worker ant (D:6)
  A hound skeleton (D:6)
  6 adders
  4 gnolls
  2 oozes
  2 worms
  A dart slug (D:2)
  3 leopard geckos
  7 orcs
  4 giant cockroaches (D:3)
  4 hobgoblins
  8 jackals
  A quokka (D:6)
  2 ball pythons (D:1)
  5 bats
  5 frilled lizards
  7 goblins
  4 kobolds
  10 rats
93 creatures vanquished.

Vanquished Creatures (collateral kills)
  An ogre (D:6)
  Blork the orc (D:5)
  2 orc wizards (D:2)
  Jessica (D:2)
  A worker ant (D:6)
  2 gnolls (D:3)
  An adder (D:2)
  A worm (D:2)
  A leopard gecko (D:2)
  An orc (D:2)
  A giant cockroach (D:3)
  A hobgoblin (D:1)
  A bat (D:2)
  A leopard gecko zombie (D:5)
16 creatures vanquished.

Grand Total: 109 creatures vanquished

Notes
Turn   | Place    | Note
-------+----------+-------------------------------------------
     0 | D:1      | Amplified the Hill Orc Wizard began the quest for the Orb.
     0 | D:1      | Reached XP level 1. HP: 14/14 MP: 3/3
   150 | D:2      | Reached skill level 1 in Fighting
   150 | D:2      | Reached skill level 1 in Armour
   168 | D:2      | Reached XP level 2. HP: 23/23 MP: 0/5
   536 | D:1      | Learned a level 2 spell: Call Imp
  1162 | D:2      | Reached skill level 2 in Fighting
  1428 | D:2      | Noticed Jessica
  1436 | D:2      | Killed Jessica
  1436 | D:2      | Reached XP level 3. HP: 26/30 MP: 3/6
  1560 | D:2      | Reached XP level 4. HP: 20/37 MP: 5/7
  1732 | D:2      | Reached skill level 3 in Fighting
  1928 | D:2      | Noticed Natasha
  2755 | D:2      | Reached XP level 5. HP: 29/46 MP: 6/8
  2773 | D:2      | Killed Natasha
  2773 | D:2      | Reached skill level 4 in Fighting
  3389 | D:3      | Reached skill level 1 in Axes
  3938 | D:3      | Found an ornate altar of the Wu Jian Council.
  4074 | D:3      | Found a white marble altar of Elyvilon.
  4116 | D:3      | Reached XP level 6. HP: 46/53 MP: 9/9
  4590 | D:4      | Learned a level 2 spell: Slow
  4618 | D:5      | Entered Level 5 of the Dungeon
  4618 | D:5      | Found a blossoming altar of Fedhas.
  4887 | D:5      | You fall into a shaft and drop 1 floor!
  5081 | D:6      | Found a staircase to the Ecumenical Temple.
  5086 | D:6      | Reached skill level 5 in Fighting
  5112 | Temple   | Entered the Ecumenical Temple
  5276 | Temple   | Became a worshipper of Nemelex Xobeh the Trickster
  5314 | D:6      | Noticed a sky beast
  5343 | D:6      | Killed a sky beast
  5343 | D:6      | Reached skill level 1 in Invocations
  5343 | D:6      | Reached XP level 7. HP: 14/61 MP: 10/10
  5739 | D:6      | Reached skill level 6 in Fighting
  5964 | D:6      | Noticed Prince Ribbit
  6001 | D:5      | Reached skill level 5 in Axes
  6175 | D:5      | Noticed Blork the orc
  6190 | D:5      | Killed Blork the orc
  6190 | D:5      | Reached XP level 8. HP: 53/70 MP: 7/11
  6284 | D:5      | Found Zememaurr's Antique Weapon Boutique.
  6297 | D:5      | Received a gift from Nemelex Xobeh
  6323 | D:5      | Noticed Sigmund
  6502 | D:6      | Found an ancient bone altar of Kikubaaqudgha.
  6505 | D:6      | Found a bloodstained altar of Trog.
  6878 | D:6      | Found a shattered altar of Ashenzari.
  7033 | D:6      | Killed Prince Ribbit
  7033 | D:6      | Reached skill level 5 in Armour
  7208 | D:5      | Killed Sigmund
  7230 | D:5      | Noticed Eustachio
  7232 | D:5      | Noticed Ijyb
  7287 | D:7      | Found a snail-covered altar of Cheibriados.
  7316 | D:7      | Reached skill level 7 in Fighting
  7322 | D:7      | Reached skill level 5 in Invocations
  7505 | D:7      | HP: 3/73 [bullfrog (3)]
  7507 | D:7      | HP: 1/73 [bullfrog (3)]
  7518 | D:7      | Slain by a bullfrog

Levels and vault maps discovered:
D:1:      minmay_arrival_split_and_join, layout_loops_ring
D:2:      cheibrodos_pilgrimage, layout_basic, uniq_natasha, uniq_jessica
D:3:      layout_basic, elyvilon_altar_3, old_standard_altar, first_ration,
          kennysheep_generic_room_12
D:4:      layout_cave_pools
D:5:      layout_cave_pools, fedhas_altar_3, biasface_ghost_orc_armoury,
          serial_shops, shop, uniq_ijyb, uniq_sigmund, uniq_blork_the_orc,
          uniq_eustachio
D:6:      layout_basic, kennysheep_mini, grunt_temple_overflow_open,
          minmay_temple_entry_crystal_x, uniq_prince_ribbit1
D:7:      layout_rooms, nicolae_ru_awakened_eye, kennysheep_little_box,
          grunt_livestock
Temple:   chequers_temple_sunken

Skill      XL: |  1  2  3  4  5  6  7  8 |
---------------+-------------------------+-----
Fighting       | 1 2 3 4 5 6 7 |  7.2
Armour         | 1 2 3 4 5 |  5.4
Axes           | 2 3 5 6 |  6.4
Invocations    | 1 3 5 |  5.2
Dodging        | |  1.5
Stealth        | |  1.5
Spellcasting   | |  2.4
Conjurations   | |  1.0
Summonings     | |  1.0
Translocations | |  0.7

Action                   |  1- 3 |  4- 6 |  7- 9 || total
-------------------------+-------+-------+-------++-------
Melee: Unarmed           |     6 |       |       ||     6
       Whip              |   104 |    46 |       ||   150
       Hand axe          |       |   180 |    92 ||   272
       Battleaxe         |       |       |    42 ||    42
Throw: Javelin           |     2 |     5 |     6 ||    13
 Cast: Magic Dart        |    17 |       |       ||    17
       Call Imp          |     8 |    23 |     2 ||    33
 Abil: Draw Destruction  |       |       |     5 ||     5
       Draw Escape       |       |       |     2 ||     2
  Use: Scroll            |     5 |     5 |     5 ||    15
       Potion            |     3 |     5 |     1 ||     9
 Stab: Distracted        |       |     2 |       ||     2
       Sleeping          |       |     1 |       ||     1
  Eat: Ration            |     1 |       |     1 ||     2
       Chunk             |       |    13 |     4 ||    17
Armor: Robe              |    34 |    34 |       ||    68
       Ring mail         |       |    45 |    75 ||   120
       Skin              |       |    19 |       ||    19
Dodge: Dodged            |    91 |   136 |    90 ||   317
